 Dungeon Crawl Stone Soup version 0.27.1-4-g1640c2035a (webtiles) character file.

Game seed: 14857200760783675232

244 Stomo444 the Cudgeller (level 5, -3/46 HPs)
             Began as a Draconian Monk on Nov 10, 2021.
             Was an Elder of Lugonu.
             Killed by nerve-wracking pain
             ... invoked by Grinder
              (11 damage)
             ... on level 3 of the Dungeon.
             The game lasted 00:06:48 (3771 turns).

Stomo444 the Cudgeller (Draconian Monk)             Turns: 3771, Time: 00:06:49

Health: -3/46      AC:  7    Str: 14    XL:     5   Next: 83%
Magic:  5/5        EV: 13    Int: 11    God:    Lugonu [****..]
Gold:   109        SH:  0    Dex: 13    Spells: 4/4 levels left

rFire    . . .     SeeInvis .   a - +0 mace
rCold    . . .     Faith    .   (no shield)
rNeg     . . .     Spirit   .   (armour unavailable)
rPois    .         Reflect  .   (helmet restricted)
rElec    .         Harm     .   (no cloak)
rCorr    .         Rampage  .   d - +0 pair of gloves
Will     .....                  k - +0 pair of boots
Stlth    ++........             (no amulet)
HPRegen  0.15/turn              (no ring)
MPRegen  0.09/turn              (no ring)

@: no status effects
A: AC +5, unfitting armour, cold-blooded
a: Renounce Religion, Depart the Abyss, Bend Space, Banish, Corrupt


You were on level 3 of the Dungeon.
You worshipped Lugonu.
Lugonu was greatly pleased with you.
You visited 1 branch of the dungeon, and saw 3 of its levels.

You collected 109 gold pieces.

Inventory:

Hand Weapons
 a - a +0 mace (weapon)
Missiles
 i - 48 stones (quivered)
Armour
 d - a +0 pair of gloves (worn)
 k - a +0 pair of boots (worn)
Scrolls
 c - 2 scrolls of identify
 f - a scroll of noise
Potions
 b - 2 potions of lignification {unknown}
 h - a potion of curing {unknown}


   Skills:
 + Level 4.1 Fighting
 + Level 5.1 Maces & Flails
 + Level 4.0 Dodging
 - Level 1.7 Stealth
 - Level 0.2 Invocations


You had 4 spell levels left.
You didn't know any spells.
Your spell library contained the following spells:

 Spells                   Type           Power      Damage    Failure   Level
 Pain                     Necr           0%         1d4       34%         1
 Shock                    Conj/Air       0%         1d3       34%         1
 Gell's Gravitas          Tloc           0%         N/A       71%         3
 Lesser Beckoning         Tloc           0%         N/A       71%         3
 Swiftness                Air            0%         N/A       71%         3
 Teleport Other           Tloc           0%         N/A       71%         3
 Airstrike                Air            0%         N/A       98%         4
 Agony                    Necr           0%         N/A       100%        5
 Excruciating Wounds      Necr           0%         N/A       100%        5


Dungeon Overview and Level Annotations

Branches:
Dungeon (3/15)

Altars:
Lugonu

Annotations:
D:3 Grinder


Innate Abilities, Weirdness & Mutations

Your plain brown scales are hard. (AC +5)
You cannot fit into any form of body armour.
You are cold-blooded and may be slowed by cold attacks.


Message History

Grinder hits you but does no damage.
Grinder blinks!
Grinder blinks!
You start resting.
Grinder is nearby!
Grinder gestures at you. You resist with significant effort.
You fail to use your ability.
Grinder gestures at you.
You suddenly lose the ability to move!
Grinder gestures at you. You resist with significant effort.
You can move again.
Grinder gestures at you. You resist with significant effort.
Unknown command.
Grinder gestures at you. You resist with significant effort.
You closely miss Grinder.
Grinder is severely wounded.
Grinder hits you. x2; You writhe in agony.
* * * LOW HITPOINT WARNING * * *
You closely miss Grinder.
Grinder is severely wounded.
Grinder blinks!
Unknown command.
Unknown command.
You start resting.
Grinder is nearby!
Grinder gestures at you. You resist with significant effort.
Grinder gestures at you. Pain shoots through your body!
* * * LOW HITPOINT WARNING * * *
Grinder gestures at you.
You suddenly lose the ability to move!
You can move again.
Unknown command.
Grinder gestures at you. Pain shoots through your body!
You die...

######†###.)...........
#.......##†#......#.#.# ##
##.###.#....#..###.#.#.########..
.........####........#..........#
#...#..#.# #.#.<......#######..#
≈≈≈≈≈....# #....#.###.# #...
≈≈≈≈≈≈#..# #....#)# #.# #####..#
≈≈≈≈≈≈w..# #......# #.# #.......
≈≈.≈≈≈...# ##..@### #5# #.###...
≈†≈≈≈≈.5## #...# #.# #.# #...
≈≈≈≈≈≈#.# #...# ###.###.###.#.
≈≈≈≈≈...######...###...........#.
#≈..#............5...#####.#####.
.....................# #.#.....
.....................# #.......
###.#########....#.#.# #.####..
.# #....#.#.#####.####..


You could see Grinder.

Vanquished Creatures
  Sigmund (D:2)
  An orc wizard (D:3)
  An adder (D:3)
  An adder skeleton (D:3)
  A worm (D:2)
  2 dart slugs
  2 orcs (D:3)
  4 endoplasms
  A giant cockroach (D:2)
  6 goblins
  4 hobgoblins
  8 jackals
  A quokka (D:3)
  9 ball pythons
  5 bats
  4 frilled lizards
  5 kobolds
  4 rats
60 creatures vanquished.

Notes
Turn   | Place    | Note
-------+----------+-------------------------------------------
     0 | D:1      | Stomo444 the Draconian Monk began the quest for the Orb.
     0 | D:1      | Reached XP level 1. HP: 19/19 MP: 1/1
   595 | D:1      | Reached XP level 2. HP: 26/26 MP: 2/2
   897 | D:1      | Found a faded altar of an unknown god.
   912 | D:1      | Became a worshipper of Lugonu the Unformed
   912 | D:1      | Reached * piety under Lugonu
   912 | D:1      | Reached ** piety under Lugonu
   912 | D:1      | Reached *** piety under Lugonu
  1235 | D:2      | Reached XP level 3. HP: 31/33 MP: 3/3
  1317 | D:2      | Noticed Sigmund
  1583 | D:2      | Reached **** piety under Lugonu
  2656 | D:3      | Reached skill level 4 in Maces & Flails
  2668 | D:3      | Reached XP level 4. HP: 21/40 MP: 4/4
  3282 | D:2      | Killed Sigmund
  3283 | D:2      | Reached skill level 5 in Maces & Flails
  3283 | D:2      | Reached XP level 5. HP: 46/46 MP: 5/5
  3587 | D:3      | Noticed Grinder
  3717 | D:3      | Paralysed by Grinder for 7 turns
  3747 | D:3      | Paralysed by Grinder for 2 turns
  3765 | D:3      | Paralysed by Grinder for 3 turns
  3771 | D:3      | Killed from afar by Grinder

Illustrated notes

Levels and vault maps discovered:
D:1:      co_arrival_random_square_maze, layout_loops_ring, serial_forest,
          infiniplex_forest_end_double, infiniplex_forest_lined_corner,
          infiniplex_forest_straight_1, infiniplex_forest_clump_long,
          infiniplex_forest_fountain, infiniplex_forest_end_2,
          infiniplex_forest_zigzag_1, basic_ecumenical_altar,
          chequers_serial_rivers_micro_e, corexii_corridor_pit,
          minmay_pentomino_p2
D:2:      layout_loops_ring, grunt_ministairs_11, minmay_diced_spiral,
          uniq_sigmund
D:3:      layout_loops_cross, cheibrodos_sewer_entry_drain, uniq_grinder

Skill      XL: |  1  2  3  4  5 |
---------------+----------------+-----
Dodging        | 3 4 |  4.0
Maces & Flails | 4 5 |  5.1
Fighting       | 4 |  4.1
Stealth        | |  1.7
Invocations    | |  0.2

Action                   |  1- 3 |  4- 6 || total
-------------------------+-------+-------++-------
Melee: Mace              |   133 |    62 ||   195
       Tailslap          |    17 |    10 ||    27
Invok: Bend Space        |     1 |       ||     1
  Use: Scroll            |     4 |       ||     4
       Potion            |       |     1 ||     1
 Stab: Sleeping          |     9 |     2 ||    11
       Distracted        |       |     1 ||     1
Armor: Skin              |    44 |    25 ||    69
Dodge: Dodged            |   125 |    48 ||   173
